 Dungeon Crawl Stone Soup version 0.28.0-53-g5a82cb258f (webtiles) character file.

Game seed: 5465407801709091306

157305 safid the Severer (level 17, -3/154 HPs)
             Began as a Hill Orc Fighter on Aug 10, 2022.
             Was a High Priest of Beogh.
             Slain by an eight-headed hydra (10 damage)
             ... called by a spriggan druid
             ... on level 4 of the Swamp.
             The game lasted 01:05:28 (32070 turns).

safid the Severer (Hill Orc Fighter)               Turns: 32070, Time: 01:05:28

Health: -3/154     AC: 23    Str: 28    XL:     17   Next: 69%
Magic:  0/37       EV:  9    Int: 12    God:    Beogh [*****.]
Gold:   1910       SH: 11    Dex:  7    Spells: 16/16 levels left

rFire   + . .      SeeInvis .   u - +6 broad axe (vamp)
rCold   + . .      Faith    .   J - +0 kite shield
rNeg    + + +      Spirit   +   v - +8 chain mail of Toluw {rElec rN++ Str+4 Dex-3}
rPois   +          Reflect  .   p - +0 helmet
rElec   +          Harm     .   y - +0 cloak
rCorr   +          Rampage  .   d - +0 pair of gloves of Gozag's Wrath {rPois rC+ Str-3 Int+2}
Will    +....                   L - +1 pair of boots {Stlth+}
Stlth   ..........              q - amulet of guardian spirit
HPRegen 0.35/turn               M - ring of the Peasants {rN+ rCorr MP+9 Int+2}
MPRegen 0.25/turn               P - ring of protection from fire

@: about to teleport, corroded, studying Conjurations
A: walk on water
a: Renounce Religion, Smiting, Recall Orcish Followers, Give Item to Named
Follower


You were on level 4 of the Swamp.
You worshipped Beogh.
Beogh was extremely pleased with you.
You visited 4 branches of the dungeon, and saw 27 of its levels.
You also visited: Ossuary and Bailey.

You collected 3463 gold pieces.
You spent 1553 gold pieces at shops.

Inventory:

Hand Weapons
 u - a +6 vampiric broad axe (weapon)
Missiles
 f - 3 throwing nets (quivered)
 B - 51 poisoned darts
 K - 6 curare-tipped darts
 U - 2 javelins
Armour
 d - the +0 pair of gloves of Gozag's Wrath (worn) {rPois rC+ Str-3 Int+2}
   (You acquired it on level 5 of the Dungeon)

   Str:       It affects your strength (-3).
   Int:       It affects your intelligence (+2).
   rC:        It protects you from cold.
   rPois:     It protects you from poison.
 p - a +0 helmet (worn)
 v - the +8 chain mail of Toluw (worn) {rElec rN++ Str+4 Dex-3}
   (You found it on level 5 of the Dungeon)

   Str:       It affects your strength (+4).
   Dex:       It affects your dexterity (-3).
   rElec:     It insulates you from electricity.
   rN:        It greatly protects you from negative energy.
 y - a +0 cloak (worn)
 J - a +0 kite shield (worn)
 L - a +1 pair of boots of stealth (worn)
Jewellery
 g - a ring of flight
 q - an amulet of guardian spirit (around neck)
 D - a ring of protection from cold
 M - the ring of the Peasants (left hand) {rN+ rCorr MP+9 Int+2}
   (You found it on level 2 of the Lair of Beasts)

   [ring of resist corrosion]

   Int:       It affects your intelligence (+2).
   rN:        It protects you from negative energy.
   MP:        It affects your magic capacity (+9).
   rCorr:     It protects you from acid and corrosion.
 N - a ring of positive energy
 P - a ring of protection from fire (right hand)
Wands
 o - a wand of flame (129)
 s - a wand of paralysis (14)
 z - a wand of iceblast (24)
 C - a wand of polymorph (16)
 F - a wand of charming (14)
 O - a wand of mindburst (8)
 X - a wand of digging (14)
Scrolls
 a - 8 scrolls of summoning
 e - 2 scrolls of magic mapping
 i - a scroll of brand weapon
 j - 17 scrolls of teleportation
 n - 2 scrolls of silence
 t - 4 scrolls of fear
 x - 5 scrolls of fog
 H - 7 scrolls of blinking
 S - a scroll of holy word
 Z - a scroll of enchant armour
Potions
 b - 2 potions of cancellation
 c - 3 potions of lignification
 h - a potion of invisibility
 k - 13 potions of curing
 l - 2 potions of resistance
 m - 10 potions of heal wounds
 r - 2 potions of ambrosia
 w - 3 potions of berserk rage
 E - 4 potions of haste
 G - 2 potions of flight
 Q - 3 potions of mutation
 R - a potion of brilliance
 T - 2 potions of might
Miscellaneous
 A - a phial of floods
 I - a phantom mirror


   Skills:
 + Level 14.7 Fighting
 - Level 18.0 Axes
 - Level 10.0 Throwing
 - Level 12.0 Armour
 - Level 6.0 Dodging
 - Level 14.0 Shields
 + Level 15.2 Invocations
 - Level 8.2 Evocations


You had 16 spell levels left.
You didn't know any spells.
Your spell library contained the following spells:

 Spells                   Type           Power      Damage    Failure   Level
 Foxfire                  Conj/Fire      0%         2x1d4     94%         1
 Summon Small Mammal      Summ           0%         N/A       94%         1
 Ensorcelled Hibernation  Hex/Ice        0%         N/A       98%         2
 Passwall                 Tmut/Erth      0%         N/A       98%         2
 Poisonous Vapours        Pois/Air       0%         N/A       98%         2
 Call Canine Familiar     Summ           0%         N/A       100%        3
 Conjure Flame            Conj/Fire      0%         6-21      100%        3
 Ignite Poison            Fire/Tmut/Pois 0%         N/A       100%        3
 Inner Flame              Hex/Fire       0%         N/A       100%        3
 Mephitic Cloud           Conj/Pois/Air  0%         N/A       100%        3
 Ozocubu's Armour         Ice            0%         N/A       100%        3
 Stone Arrow              Conj/Erth      0%         3d7       100%        3
 Summon Guardian Golem    Hex/Summ       0%         N/A       100%        3
 Swiftness                Air            0%         N/A       100%        3
 Animate Armour           Summ/Erth      0%         N/A       100%        4
 Flame Wave               Conj/Fire      0%         2d4       100%        4
 Fulminant Prism          Conj/Hex       0%         3d6       100%        4
 Iskenderun's Mystic Bla  Conj/Tloc      0%         2d3       100%        4
 Sticky Flame             Conj/Fire      0%         2d3       100%        4
 Freezing Cloud           Conj/Ice/Air   0%         6-21      100%        5
 Lee's Rapid Deconstruct  Erth           0%         3d5*      100%        5
 Metabolic Englaciation   Hex/Ice        0%         N/A       100%        5
 Simulacrum               Ice/Necr       0%         N/A       100%        6
 Storm Form               Tmut/Air       0%         N/A       100%        7
 Lehudib's Crystal Spear  Conj/Erth      0%         10d2      100%        8


Dungeon Overview and Level Annotations

Branches:
Dungeon (15/15)            Temple (0/1) D:4            Lair (6/6) D:8
  Swamp (4/4) Lair:2        Snake (0/4) Lair:3        Slime (0/5) Lair:5
    Orc (2/2) D:11            Elf (0/3) Orc:2        Vaults (0/5) D:13
 Depths (0/4) D:15        Ossuary (visited)          Bailey (visited)

Altars:
Dithmenos
Elyvilon
Hepliaklqana
Makhleb
Nemelex Xobeh
Qazlal
Ru
Uskayaw
Vehumet
Yredelemnul
Beogh
Lugonu

Shops:
D:5 (?*=!   D:13 [?   Orc:2 !([*

Portals:
Abyss: Lair:6

Annotations:
D:2 1 runed translucent door, Crazy Yiuf
D:7 3 runed translucent doors, lotum's ghost, novice OgFE
Lair:6 3 runed translucent doors, Kyahe's ghost, journeyman MiHu; Pyris's ghost, journeyman GrFi; Razfen's ghost, journeyman GnWn; Souppor's ghost, journeyman VSGl; turdburglar's ghost, journeyman FoFi


Message History

The spriggan berserker goes berserk!
The goliath frog hits you but does no damage.
The swamp worm fires a harpoon shot at you.
The harpoon shot hits you but does no damage.
Unknown command.
Unknown command.
Unknown command.
Unknown command.
Unknown command.
Unknown command.
Unknown command.
Unknown command.
Unknown command.
As you read the scroll of teleportation, it crumbles to dust.
You feel strangely unstable. You block the swamp worm's attack.
The spriggan berserker hits you but does no damage.
The seven-headed hydra misses you. The seven-headed hydra bites you.
You block the seven-headed hydra's attack.
The seven-headed hydra completely misses you.
The seven-headed hydra bites you.
The seven-headed hydra barely misses you.
The seven-headed hydra bites you but does no damage.
The tyrant leech bites you!
* * * LOW HITPOINT WARNING * * *
You block the goliath frog's attack. The swamp worm completely misses you.
You slice the tyrant leech!!
The tyrant leech is heavily wounded.
You lop one of the seven-headed hydra's heads off!
The six-headed hydra grows two more!
You slash the eight-headed hydra!
You feel better.
You closely miss the goliath frog. You slash the spriggan berserker!
You feel better.
You hit the swamp worm.
You feel better.
The spriggan berserker hits you with a +2 antimagic flail!!
* * * LOW HITPOINT WARNING * * *
You feel your power leaking away.
The eight-headed hydra barely misses you.
The eight-headed hydra bites you!!
* * * LOW HITPOINT WARNING * * *
The eight-headed hydra bites you!
You die...

♣♣♣♣♣♣♣♣♣ ♣.≈≈≈≈≈$♣♣♣♣
≈ ♣♣.≈≈≈≈≈§≈≈.♣♣≈≈
♣.≈≈..≈§≈...≈≈≈≈ ≈.
≈)...≈≈≈≈≈..♣ ..
..≈..≈≈≈≈≈.♣♣ ♣ ..
.§≈..§≈w≈D♣♣ ♣♣≈♣
.≈§..≈≈w@F♣ .≈♣
.≈≈≈.≈≈†≈i♣ ≈$≈
≈♣♣♣§≈w...♣ ≈♣♣♣♣♣♣
♣..≈≈≈.§..
≈§.o.≈♣♣≈.≈≈≈≈≈.≈^≈≈
.≈ooo§..≈≈≈≈≈≈≈≈..≈≈≈
.≈≈o≈..≈≈≈≈≈≈/≈♣♣≈≈≈≈≈
≈≈≈≈(≈♣.$≈≈§♣§≈ ≈≈≈≈≈≈
♣♣≈#########♣


You could see an eight-headed hydra (strong), a tyrant leech, a spriggan
berserker (berserk, regenerating, strong-willed), a goliath frog (strong) and 2
swamp worms.

Vanquished Creatures
  A thorn hunter (Swamp:4)
  Frances (D:12)
  A fenstrider witch (Swamp:4)
  An orc warlord (Bailey)
  4 eleionomae
  A bunyip (Swamp:4)
  A green death (Swamp:4)
  Josephine (D:11)
  A great orb of eyes (D:15)
  A shambling mangrove (Swamp:4)
  Fannar (D:10)
  A boulder beetle (D:13)
  2 vault guards (D:13)
  A rakshasa (D:15)
  2 ghost crabs
  Harold (Lair:2)
  2 ogre magi (D:15)
  Erica (D:11)
  8 two-headed ogres
  A centaur warrior (D:13)
  9 hydras
  5 alligators
  A catoblepas (D:13)
  2 death knights (D:13)
  A tengu warrior (D:13)
  15 death yaks
  3 thrashing horrors (Lair:6)
  A soul eater (Swamp:4)
  A skeletal warrior (D:13)
  3 spriggan druids
  4 goliath frogs
  3 bog bodies
  3 swamp dragons
  A phantasmal warrior (D:13)
  An orc knight (Bailey)
  A deep elf zephyrmancer (Swamp:4)
  A will-o-the-wisp (Swamp:3)
  8 ugly things
  An orc sorcerer (Swamp:4)
  A cyclops (D:6)
  A manticore (D:13)
  Maurice (D:8)
  10 elephants
  3 torpor snails
  2 black mambas
  An orange demon (Swamp:4)
  A smoke demon (Lair:6)
  Maggie (D:7)
  10 cane toads
  2 gargoyles
  6 komodo dragons
  2 rime drakes
  An unseen horror (D:13)
  4 kobold demonologists
  Psyche (D:10)
  An efreet (D:14)
  An ancient zyme (Lair:6)
  A freezing wraith (D:15)
  3 trolls
  A meliai (shapeshifter) (Lair:6)
  A troll (shapeshifter) (Lair:6)
  3 polar bears
  3 meliai (D:13)
  A hornet (Swamp:2)
  3 tyrant leeches
  Grinder (D:4)
  16 blink frogs
  11 dream sheep
  8 slime creatures
  4 water elementals
  2 shadows
  2 vampires
  A ynoxinul (Lair:6)
  5 spriggans
  3 wyverns
  8 wraiths
  Eustachio (D:5)
  6 basilisks
  A basilisk (shapeshifter) (D:14)
  41 yaks
  A vampire mosquito (Swamp:1)
  3 chaos spawn
  Menkaure (D:4)
  2 steam dragons (Lair:3)
  A swamp worm (shapeshifter) (D:15)
  13 swamp worms
  A warg (Orc:2)
  A naga (Lair:3)
  13 water moccasins
  12 orc warriors
  An ice beast (shapeshifter) (Lair:6)
  3 sky beasts
  2 necrophages
  6 ice beasts
  4 ogres
  2 black bears
  10 centaurs
  19 wolves
  11 small abominations (Lair:6)
  6 kobold brigands
  16 bullfrogs
  2 gnoll sergeants
  3 scorpions
  16 killer bees
  3 wights (D:9)
  9 howler monkeys
  3 jellies
  4 electric eels
  A bullfrog zombie (D:6)
  A centaur zombie (D:5)
  2 lava snakes (D:11)
  12 hounds
  A bullfrog skeleton (D:6)
  2 centaur skeletons
  2 gnoll shamans
  An orc priest (D:7)
  5 hell rats (Lair:6)
  4 iguanas
  13 orc wizards
  3 hound zombies (Ossuary)
  2 hound skeletons (D:5)
  5 mummies
  Robin (D:3)
  A howler monkey skeleton (D:6)
  A howler monkey zombie (D:10)
  7 adders
  29 gnolls
  2 ufetubi
  2 worms (D:2)
  27 orcs
  5 ball pythons
  5 endoplasms
  4 giant cockroaches
  14 hobgoblins
  5 jackals (D:1)
  2 quokkas
  6 bats
  4 frilled lizards
  A gnoll zombie (Ossuary)
  16 goblins
  A goblin zombie (Ossuary)
  A hobgoblin zombie (Ossuary)
  19 kobolds
  3 kobold zombies (Ossuary)
  An orc zombie (Ossuary)
  7 rats
  2 rat zombies (Ossuary)
  A bush (D:7)
  A butterfly (Lair:1)
  A fire vortex (D:11)
663 creatures vanquished.

Vanquished Creatures (collateral kills)
  Kirke (Swamp:1)
  Donald (Swamp:3)
  A ghoul (Swamp:4)
  An eleionoma (Swamp:1)
  5 bunyips
  A rakshasa (D:13)
  2 vault guards (D:13)
  A hydra (Swamp:1)
  An ogre mage (Swamp:4)
  3 two-headed ogres
  A boulder beetle (D:13)
  A centaur warrior (D:14)
  A spriggan air mage (Swamp:4)
  6 alligators
  A death yak (Lair:5)
  A thrashing horror (Lair:6)
  2 orc high priests (Orc:2)
  A goliath frog (Swamp:1)
  2 spriggan druids
  A sixfirhy (Swamp:4)
  2 swamp dragons
  3 bog bodies
  A large abomination (Lair:6)
  2 ugly things (D:15)
  An orc sorcerer (Orc:2)
  2 cyclopes
  2 elephants (Lair:6)
  A black mamba (Lair:6)
  A centaur zombie (D:11)
  A torpor snail (Lair:6)
  2 cane toads (Lair:6)
  A gargoyle (D:14)
  3 rime drakes (Lair:5)
  3 komodo dragons
  An unseen horror (D:12)
  An ancient zyme (Lair:6)
  7 tyrant leeches
  6 blink frogs
  2 hornets
  A queen bee (Lair:6)
  2 dream sheep
  A ynoxinul (Lair:6)
  9 yaks
  2 spriggans
  A wyvern (Lair:6)
  2 basilisks (Lair:6)
  3 wraiths (D:13)
  A hog (Swamp:1)
  2 vampire mosquitoes (Swamp:1)
  5 swamp worms
  3 small abominations (Lair:6)
  A warg (Orc:2)
  3 water moccasins
  7 orc warriors (Orc:2)
  2 ogres
  A wolf (D:13)
  A bullfrog (Lair:4)
  A gnoll sergeant (D:13)
  A hornet simulacrum (D:13)
  4 orc priests
  7 orc wizards (Orc:2)
  A white imp (D:13)
  6 orcs
143 creatures vanquished.

Vanquished Creatures (others)
  An orc warlord (D:13)
  4 orc knights
  An orc high priest (Lair:6)
  2 orc sorcerers
  4 bloated husks
  A hornet (Swamp:2)
  A spriggan (Swamp:2)
  5 humans (Swamp:1)
  A hog (Swamp:1)
  A vampire mosquito (Swamp:1)
  15 orc warriors
  12 orc priests
  5 orc wizards
  45 orcs
  6 foxfires (Swamp:3)
  73 fungi
  78 plants
255 creatures vanquished.

Grand Total: 1061 creatures vanquished

Notes
Turn   | Place    | Note
-------+----------+-------------------------------------------
     0 | D:1      | safid the Hill Orc Fighter began the quest for the Orb.
     0 | D:1      | Reached XP level 1. HP: 19/19 MP: 1/1
   184 | D:1      | Reached skill level 3 in Axes
   184 | D:1      | Reached XP level 2. HP: 22/27 MP: 2/2
   451 | D:1      | Found a faded altar of an unknown god.
   649 | D:1      | Reached XP level 3. HP: 33/33 MP: 3/3
  1690 | D:2      | Reached XP level 4. HP: 40/40 MP: 4/4
  1696 | D:2      | Reached skill level 4 in Axes
  1952 | D:2      | Found a sacrificial altar of Ru.
  2277 | D:2      | Found a runed translucent door.
  2278 | D:2      | Noticed Crazy Yiuf
  2471 | D:2      | Reached skill level 5 in Axes
  2474 | D:2      | Reached XP level 5. HP: 30/46 MP: 5/5
  3103 | D:3      | Noticed Robin
  3135 | D:2      | Reached skill level 6 in Axes
  3336 | D:3      | Killed Robin
  3827 | D:4      | Noticed Grinder
  3828 | D:4      | Found a staircase to the Ecumenical Temple.
  3834 | D:4      | Paralysed by Grinder for 2 turns
  3836 | D:4      | Killed Grinder
  3837 | D:4      | Reached skill level 8 in Axes
  3837 | D:4      | Reached XP level 6. HP: 19/52 MP: 2/6
  4109 | D:4      | Reached XP level 7. HP: 28/59 MP: 4/7
  4343 | D:4      | Found a white marble altar of Elyvilon.
  4517 | D:4      | Noticed Menkaure
  4526 | D:4      | Killed Menkaure
  4527 | D:4      | Reached skill level 9 in Axes
  4832 | D:5      | Entered Level 5 of the Dungeon
  4832 | D:5      | Found Ykaonkonna's Antique Weapon Shop.
  4838 | D:5      | Bought a glowing broad axe for 161 gold pieces
  4862 | D:5      | Reached skill level 10 in Axes
  4939 | D:5      | Found Peasorphe's Jewellery Shop.
  4943 | D:5      | Found Norrousa's General Store.
  4950 | D:5      | Reached skill level 11 in Axes
  4950 | D:5      | Reached XP level 8. HP: 36/66 MP: 8/8
  4987 | D:5      | Found a sand-covered staircase.
  5004 | D:5      | Identified the +8 chain mail of Toluw {rElec rN++ Str+4
                  | Dex-3}
  5028 | Ossuary  | Entered an ossuary
  5361 | D:5      | Found Her Tet's Magic Scroll Shop.
  5364 | D:5      | Bought a scroll of identify for 28 gold pieces
  5364 | D:5      | Bought a scroll of fear for 49 gold pieces
  5364 | D:5      | Bought a scroll of identify for 28 gold pieces
  5429 | D:5      | Bought a scroll of magic mapping for 35 gold pieces
  5429 | D:5      | Bought a scroll of identify for 20 gold pieces
  5484 | D:5      | Noticed Eustachio
  5495 | D:5      | Killed Eustachio
  5496 | D:5      | Reached skill level 12 in Axes
  5516 | D:5      | Found Ceskuapt's Distillery.
  5524 | D:5      | Bought a potion of curing for 33 gold pieces
  5582 | D:5      | Reached skill level 13 in Axes
  5593 | D:5      | Noticed a gargoyle
  5600 | D:5      | Killed a gargoyle
  5601 | D:5      | Reached skill level 14 in Axes
  5601 | D:5      | Reached XP level 9. HP: 22/71 MP: 2/9
  6081 | D:5      | Identified a scroll of acquirement
  6091 | D:5      | Acquired the +0 pair of gloves of Gozag's Wrath {rPois rC+
                  | Str-3 Int+2}
  6239 | D:6      | Noticed a cyclops
  6247 | D:6      | Killed a cyclops
  6248 | D:6      | Reached skill level 15 in Axes
  6560 | D:6      | Reached skill level 16 in Axes
  6860 | D:6      | Found a burning altar of Makhleb.
  6860 | D:6      | Noticed a balrug
  7054 | D:6      | Found a radiant altar of Vehumet.
  7055 | D:6      | Became a worshipper of Beogh the Brigand
  7193 | D:7      | Reached skill level 17 in Axes
  7195 | D:7      | Reached XP level 10. HP: 78/78 MP: 10/10
  7362 | D:7      | Reached * piety under Beogh
  7520 | D:7      | Reached skill level 18 in Axes
  7526 | D:7      | Noticed Maggie
  7538 | D:7      | Killed Maggie
  7539 | D:7      | Reached skill level 1 in Invocations
  7716 | D:7      | Found a runed translucent gate.
  7717 | D:7      | Found a runed translucent gate.
  7717 | D:7      | Found a runed translucent gate.
  7717 | D:7      | Noticed lotum's ghost (novice OgFE)
  8092 | D:8      | Found a staircase to the Lair.
  8097 | D:8      | Reached skill level 1 in Evocations
  8101 | D:8      | Noticed a kobold demonologist
  8103 | D:8      | Reached skill level 1 in Throwing
  8103 | D:8      | Reached skill level 1 in Dodging
  8120 | D:8      | Killed a kobold demonologist
  8366 | D:8      | Reached ** piety under Beogh
  8447 | D:8      | Noticed Maurice
  8475 | D:8      | Killed Maurice
  8476 | D:8      | Reached skill level 5 in Fighting
  8476 | D:8      | Reached skill level 5 in Armour
  8795 | D:9      | Found a flagged portal.
  8807 | Bailey   | Entered a bailey
  8823 | Bailey   | Noticed an orc warlord
  9069 | Bailey   | Noticed an orc knight
  9086 | Bailey   | Killed an orc knight
  9087 | Bailey   | Reached XP level 11. HP: 64/88 MP: 8/13
  9216 | Bailey   | Found a runed translucent gate.
  9219 | Bailey   | Found a runed translucent gate.
  9221 | Bailey   | Found a runed translucent gate.
  9360 | Bailey   | Killed an orc warlord
  9601 | Bailey   | Acquired 639 gold pieces
  9638 | D:9      | Found a hazy altar of Hepliaklqana.
  9653 | D:9      | Found a basalt altar of Yredelemnul.
 10673 | D:10     | Entered Level 10 of the Dungeon
 10872 | D:10     | Reached *** piety under Beogh
 10907 | D:10     | Noticed Fannar
 10915 | D:10     | Reached skill level 5 in Invocations
 10931 | D:10     | Killed Fannar
 10948 | D:10     | Noticed Psyche
 10963 | D:10     | Killed Psyche
 11254 | D:10     | Found a hide-covered altar of Uskayaw.
 11254 | D:10     | Identified the +8 chain mail of the Monkey's Uncle {Dex+4}
 12049 | D:12     | Noticed Frances
 12061 | D:12     | Killed Frances
 12062 | D:12     | Reached skill level 5 in Shields
 12384 | D:12     | Reached XP level 12. HP: 40/100 MP: 7/16
 12984 | Lair:1   | Entered Level 1 of the Lair of Beasts
 13035 | Lair:1   | Noticed a five-headed hydra
 13040 | Lair:1   | Killed a five-headed hydra
 13240 | Lair:1   | Identified the ring of Hugexusa {Ice rElec Int-5 Dex+5}
 13324 | Lair:1   | Reached skill level 5 in Evocations
 13608 | Lair:1   | Noticed a seven-headed hydra
 13613 | Lair:1   | Killed a seven-headed hydra
 13862 | Lair:1   | Found a sparkling altar of Nemelex Xobeh.
 13894 | Lair:2   | Identified the ring of the Peasants {rN+ rCorr MP+9 Int+2}
 14100 | Lair:2   | Noticed Harold
 14109 | Lair:2   | Killed Harold
 14219 | Lair:2   | Found a staircase to the Swamp.
 14550 | Lair:2   | Noticed a four-headed hydra
 14560 | Lair:2   | Killed a five-headed hydra
 14850 | Lair:2   | Noticed a five-headed hydra
 14856 | Lair:2   | Killed a six-headed hydra
 14857 | Lair:2   | Reached skill level 5 in Throwing
 15233 | Lair:3   | Found a staircase to the Snake Pit.
 15390 | Lair:3   | Reached skill level 5 in Dodging
 15390 | Lair:3   | Reached XP level 13. HP: 108/108 MP: 18/18
 16700 | Lair:4   | Reached **** piety under Beogh
 16936 | Lair:4   | You fall into a shaft and drop 2 floors!
 16936 | Lair:6   | Entered Level 6 of the Lair of Beasts
 17414 | Lair:5   | Reached XP level 14. HP: 118/118 MP: 20/20
 17425 | Lair:5   | Reached skill level 10 in Shields
 18475 | Lair:5   | Found a staircase to the Slime Pits.
 19104 | Lair:6   | Found a runed translucent gate.
 19104 | Lair:6   | Found a runed translucent gate.
 19105 | Lair:6   | Found a runed translucent gate.
 19106 | Lair:6   | Noticed turdburglar's ghost (journeyman FoFi)
 19106 | Lair:6   | Noticed Pyris's ghost (journeyman GrFi)
 19106 | Lair:6   | Noticed Kyahe's ghost (journeyman MiHu)
 19106 | Lair:6   | Noticed Razfen's ghost (journeyman GnWn)
 19114 | Lair:6   | Reached ***** piety under Beogh
 19115 | Lair:6   | Reached skill level 10 in Fighting
 19361 | Lair:6   | Reached skill level 10 in Invocations
 19394 | Lair:6   | Gained Oruk as an ally
 19427 | Lair:6   | Gained Grimold as an ally
 19493 | Lair:6   | Your ally Grimold died
 19651 | Lair:6   | Found a corrupted altar of Lugonu.
 19668 | Lair:6   | Found a one-way gate to the infinite horrors of the Abyss.
 19918 | Lair:6   | Reached skill level 10 in Armour
 19918 | Lair:6   | Reached XP level 15. HP: 128/128 MP: 23/23
 20464 | Lair:6   | Reached XP level 16. HP: 79/137 MP: 16/24
 20812 | Lair:6   | Noticed Souppor's ghost (journeyman VSGl)
 20815 | Lair:6   | Found the dreamshard necklace {*Dream Drain}
 21342 | D:11     | Noticed Josephine
 21353 | D:11     | Killed Josephine
 21566 | D:11     | Noticed Erica
 21577 | D:11     | Killed Erica
 21577 | D:11     | Gained Horkud as an ally
 21653 | D:11     | Got the Incunabulum of Too Many Cooks
 22019 | D:11     | Found a staircase to the Orcish Mines.
 22157 | Orc:1    | Entered Level 1 of the Orcish Mines
 22313 | Orc:2    | Entered Level 2 of the Orcish Mines
 22313 | Orc:2    | Found a staircase to the Elven Halls.
 22362 | Orc:2    | Found a roughly hewn altar of Beogh.
 22549 | Orc:2    | Found a roughly hewn altar of Beogh.
 22584 | Orc:2    | Found a roughly hewn altar of Beogh.
 22586 | Orc:2    | Found Geros's Assorted Antiques.
 22625 | Orc:2    | Bought a crude tin ring for 150 gold pieces
 22625 | Orc:2    | Identified the ring of Balance {Wiz Str+2 Int+4} (You
                  | bought it in a shop on level 2 of the Orcish Mines)
 22625 | Orc:2    | Bought a twisted cloak for 285 gold pieces
 22625 | Orc:2    | Identified the +2 cloak of Free Will {Harm +Blink rF++
                  | MP-9} (You bought it in a shop on level 2 of the Orcish
                  | Mines)
 22813 | Orc:2    | Reached ****** piety under Beogh
 22890 | Orc:2    | Found a roughly hewn altar of Beogh.
 22953 | Orc:2    | Found a roughly hewn altar of Beogh.
 22990 | Orc:2    | Found a roughly hewn altar of Beogh.
 23006 | Orc:2    | Found a roughly hewn altar of Beogh.
 23009 | Orc:2    | Found Xeowk's Distillery.
 23206 | Orc:2    | Found Keeleomah's Antique Weapon Emporium.
 23206 | Orc:2    | Found a roughly hewn altar of Beogh.
 23214 | Orc:2    | Found Apluwnut's Antique Armour Shoppe.
 24079 | D:13     | Found a gate to the Vaults.
 24095 | D:13     | Your ally Oruk died
 24101 | D:13     | Your ally Horkud died
 24619 | D:13     | Gained Wargrak as an ally
 24623 | D:13     | Your ally Wargrak died
 25047 | D:13     | Gained Bogdar as an ally
 25137 | D:13     | Found Juppye's Armour Emporium.
 25168 | D:13     | Bought a +1 pair of boots of stealth for 297 gold pieces
 25404 | D:13     | Gained Morun as an ally
 25866 | D:13     | Found Zeups's Magic Scroll Shop.
 25895 | D:13     | Bought a scroll of brand weapon for 340 gold pieces
 25895 | D:13     | Bought a scroll of holy word for 127 gold pieces
 26330 | D:14     | Found a shadowy altar of Dithmenos.
 26777 | D:15     | Entered Level 15 of the Dungeon
 27282 | D:15     | Found a stormy altar of Qazlal.
 27637 | D:15     | Found a staircase to the Depths.
 27651 | D:15     | Paralysed by a great orb of eyes for 5 turns
 28179 | Swamp:1  | Entered Level 1 of the Swamp
 28179 | Swamp:1  | Noticed Kirke
 28436 | Swamp:1  | Killed Kirke
 28608 | Swamp:1  | Reached XP level 17. HP: 135/148 MP: 23/26
 29122 | Swamp:1  | Your ally Bogdar died
 29699 | Swamp:2  | Gained Alork as an ally
 29823 | Swamp:2  | Gained Bogbrand as an ally
 30183 | Swamp:3  | Noticed Donald
 30193 | Swamp:3  | Killed Donald
 30394 | Swamp:3  | Gained Ognian as an ally
 30465 | Swamp:3  | Reached skill level 10 in Throwing
 30984 | Swamp:3  | Gained Olfik as an ally
 31304 | Swamp:4  | Entered Level 4 of the Swamp
 31308 | Swamp:4  | Your ally Ognian died
 31513 | Swamp:4  | Paralysed by an orc sorcerer for 2 turns
 31691 | Swamp:4  | Your ally Bogbrand died
 31837 | Swamp:4  | Reached skill level 15 in Invocations
 32070 | Swamp:4  | HP: 7/154 [eight-headed hydra[a spriggan druid] (18)]
 32070 | Swamp:4  | Slain by an eight-headed hydra

Illustrated notes

Levels and vault maps discovered:
D:1:      wander_arrival_chamber, layout_loops_ring,
          hellmonk_ecumenical_altar_blasted
D:2:      layout_loops_ring, basic_altar, minmay_diced_spiral,
          uniq_crazy_yiuf_cottage
D:3:      layout_basic, uniq_robin
D:4:      layout_basic, lemuel_tele_altar, minmay_temple_entry_sparse_star,
          serial_corexii_hall, chequers_hall_statues_wall_a,
          corexii_hall_statues_l, corexii_hall_statues_i,
          chequers_hall_statues_wall_a, corexii_hall_statues_i,
          corexii_hall_statues_u, uniq_menkaure, uniq_grinder
D:5:      layout_basic, gup_ossuary_entry_pyramid, serial_shops, shop_fountains,
          nicolae_stop_n_shop_2, nicolae_shop_window_shopping, shop,
          nicolae_shop_crystal, hex_tiny, serial_bayou_pond_c,
          minmay_manual_monstrance, uniq_eustachio
D:6:      minmay_chambers_of_fours, layout_basic, makhleb_altar_promises_db,
          lemuel_doored_altar, minmay_tree_intersection,
          hellmonk_bongcloud_opening
D:7:      layout_cave_pools, ebering_ghost_rock_garden, palyth_stone_intersect,
          kb_lookout_dungeons_type, uniq_maggie
D:8:      layout_loops_ring, erik_lair_island, uniq_maurice
D:9:      layout_long_grid, mainiacjoe_overflow_catwalk_spiral, enter_bailey_6
D:10:     layout_loops_ring, nicolae_uskayaw_dance_studio, uniq_fannar,
          uniq_psyche
D:11:     erik_rubicon_a, layout_basic, orc_0_dummy, st_stairs_8,
          uniq_josephine, uniq_erica
D:12:     layout_basic, uniq_frances
D:13:     layout_basic, lightli_vaults_fourway_checkpoint, serial_ice,
          serial_ice_l, serial_ice_b, serial_ice_e, serial_ice_g, serial_ice_m,
          serial_ice_n, serial_ice_c, serial_ice_d, serial_ice_f, serial_ice_h,
          serial_shops, shop, nicolae_square_shop
D:14:     layout_roguey, nicolae_dithmenos_the_darkroom
D:15:     gammafunk_enter_depths_forms, layout_long_grid, grunt_qazlal_clouds
Lair:1:   layout_big_grid, basic_altar, lemuel_fruit_fields, lemuel_fruit_fields
Lair:2:   layout_cave_pods, minmay_swamp_entry_eels, lemuel_fruit_fields,
          lemuel_fruit_tree, uniq_harold
Lair:3:   layout_long_grid, guppyfry_snake_entry_island,
          grunt_forest_stairs_clearing, grunt_megastairs_2, serial_bayou_shore_a
Lair:4:   layout_loops_ring, serial_bayou_shore_b, infiniplex_staircase_pool_2
Lair:5:   layout_misc_corridors, dpeg_slime_entry_corner, columned_hall_lemuel,
          minivault_24
Lair:6:   hellmonk_lair_end_abyssal_woods, layout_regular_city,
          gammafunk_ghost_cemetery, chequers_serial_rivers_marsh,
          serial_bayou_pond_a
Swamp:1:  layout_falls_marsh, serial_swamp_ruin, evilmike_swamp_ruin_house_1,
          evilmike_swamp_ruin_rubble_2, hangedman_swamp_ruin_wall, uniq_kirke
Swamp:2:  layout_basic_swamp, evilmike_swamp_ruin_rubble_1, swamp_pool1,
          wheals_swamp_sinkhole, hangedman_swamp_wriggling
Swamp:3:  layout_basic_swamp, evilmike_swamp_ruin_house_6, swamp_pool2,
          nicolae_swamp_little_tower, uniq_donald
Swamp:4:  nzn_swamp_witches_coven, layout_basic_swamp
Orc:1:    layout_caves
Orc:2:    grunt_orc_community_town_hall, layout_diamond_mine,
          grunt_orc_community_big_house_2, grunt_orc_community_big_house_2,
          grunt_orc_community_house_1, grunt_orc_community_house_1,
          grunt_orc_community_house_1, grunt_orc_community_house_1,
          grunt_orc_community_house_2, grunt_orc_community_house_1

Skill      XL: |  1  2  3  4  5  6  7  8  9 10 11 12 13 14 15 16 17 |
---------------+----------------------------------------------------+-----
Axes           | 3 5 8 11 14 17 18 | 18.0
Fighting       | 4 5 7 8 9 10 11 12 14 | 14.7
Armour         | 4 5 6 7 8 10 11 12 | 12.0
Shields        | 4 5 7 9 11 12 14 | 14.0
Invocations    | 3 6 7 9 10 11 12 15 | 15.2
Evocations     | 2 4 5 6 8 |  8.2
Throwing       | 2 4 5 6 7 8 9 10 | 10.0
Dodging        | 2 3 5 6 |  6.0

Action                   |  1- 3 |  4- 6 |  7- 9 | 10-12 | 13-15 | 16-18 || total
-------------------------+-------+-------+-------+-------+-------+-------++-------
Melee: War axe           |    94 |   132 |    16 |       |       |       ||   242
       Broad axe         |       |       |   190 |   571 |   468 |   777 ||  2006
Invok: Convert to Beogh  |       |       |     1 |       |       |       ||     1
       Smiting           |       |       |       |    13 |     4 |    14 ||    31
       Recall Orcish Fol |       |       |       |       |       |    11 ||    11
       Stop Recall       |       |       |       |       |       |     8 ||     8
  Use: Potion            |       |       |     2 |     2 |     2 |       ||     6
       Scroll            |       |       |    15 |    11 |     6 |     4 ||    36
 Stab: Distracted        |       |       |       |       |     5 |     5 ||    10
       Paralysed         |       |       |       |       |     2 |       ||     2
Armor: Scale mail        |    54 |     5 |       |       |       |       ||    59
       Plate armour      |       |    83 |    40 |       |       |       ||   123
       Chain mail        |       |       |    98 |   308 |   344 |   414 ||  1164
Dodge: Dodged            |    63 |    37 |    71 |   167 |   146 |   234 ||   718
Block: Buckler           |    24 |    49 |    44 |    56 |       |       ||   173
       Kite shield       |       |       |       |   101 |   232 |   334 ||   667
